 Dungeon Crawl Stone Soup version 0.15-a0-834-gd31242b (webtiles) character file.

25 4tharraofdagon the Ducker (level 2, 0/12 HPs)
             Began as a Felid Transmuter on May 15, 2014.
             Slain by a hound (3 damage)
             ... on Level 7 of the Dungeon.
             The game lasted 00:03:59 (764 turns).

4tharraofdagon the Ducker (Felid Transmuter)         Turns: 764, Time: 00:03:59

HP   0/12        AC  1     Str  6      XL: 2   Next: 82%
MP   0/5         EV 19     Int 14      God:
Gold 51          SH  0     Dex 16      Spells:  1 memorised,  4 levels left
Lives: 0, deaths: 0

rFire  . . .     SeeInvis +       - Unarmed
rCold  . . .     Clarity  .     (armour unavailable)
rNeg   . . .     Conserve .     (shield unavailable)
rPois  .         rCorr    .     (helmet unavailable)
rElec  .         rRot     .     (cloak unavailable)
SustAb . .       Spirit   +     (gloves unavailable)
rMut   .         Warding  .     (boots unavailable)
Gourm  .         Stasis   .     c - amulet of guardian spirit
MR     .....                    (no ring)
                                (no ring)

@: appendage, quick, not resistant to hostile enchantments, unstealthy
A: paw claws, no armour, no weapons or thrown items, fangs 3, horns 2, see
invisible, carnivore 3, speed 1, shaggy fur 1, slow metabolism 1, jump 1
a: Jump Attack, End Transformation


You were on level 7 of the Dungeon.
You were full.
You had grown temporary horns.
You visited 1 branch of the dungeon, and saw 7 of its levels.

You collected 51 gold pieces.

Inventory:

Missiles
 b - 12 arrows
Comestibles
 a - 3 meat rations
Scrolls
 e - a scroll of noise {unknown}
 g - a scroll of immolation {unknown}
 h - a scroll of identify {unknown}
 i - a scroll of teleportation {unknown}
 j - a scroll of enchant weapon I {unknown}
 k - a scroll of magic mapping {unknown}
 l - a scroll of remove curse {unknown}
Jewellery
 c - an amulet of guardian spirit (around neck)
 f - an uncursed ring of fire
Books
 d - a book of Changes

   Spells                             Type                      Level
   *Beastly Appendage                 Transmutation                1
   Sticks to Snakes                   Transmutation                2
   Spider Form                        Transmutation/Poison         3
   Ice Form                           Ice/Transmutation            4
   Blade Hands                        Transmutation                5


   Skills:
 + Level 1.0 Fighting
 + Level 3.6 Dodging
 + Level 0.0 Stealth
 * Level 3.1 Unarmed Combat
 - Level 2.0 Spellcasting
 - Level 3.0 Transmutations


You had 4 spell levels left.
You knew the following spells:

 Your Spells              Type           Power        Failure   Level  Hunger
a - Beastly Appendage     Trmt           #.....       10%         1    ##.....


Dungeon Overview and Level Annotations

Branches:
Dungeon (7/15)
 Temple: D:4-7

Altars:
Makhleb

Annotations:
D:4 Mygna's ghost, average DrTm; Sigmund


Innate Abilities, Weirdness & Mutations

You cannot wear armour.
You are incapable of wielding weapons or throwing items.
Your paws have sharp claws.
You have razor-sharp teeth.
You have supernaturally acute eyesight.
You are carnivorous and can eat meat at any time.
You cover ground quickly.
You are covered in fur (AC +1).
You have a slow metabolism.
You can jump attack at a short distance.
You have a pair of horns on your head.


Message History

The hound closely misses you.
You barely miss the hound. The hound barely misses you.
You barely miss the hound. The hound barely misses you. The hound bites you.
* * * LOW HITPOINT WARNING * * *
You closely miss the hound. You headbutt the hound! You bite the hound.
The hound is severely wounded.
The hound completely misses you.
You closely miss the hound. Your bite misses the hound.
The hound is severely wounded.
The hound closely misses you.
You scratch the hound.
The hound begins to bleed from its wounds!
You bite the hound, but do no damage.
The hound is almost dead.
The hound completely misses you. x2
Unknown command.
You scratch the hound. You bite the hound.
The hound is almost dead.
The hound bites you.
You die...

### #.# #.#
#.###.###.# ###
#.........#
#.#####.###...###
#.#...h...# .#
#....@...##
#.#.###.......
#.#.# ....###
#.#.##......
#....+.......
#.#..#....##
##+#..#....#
#.....#....#
#....>+....+


You could see a hound (bleeding).

Vanquished Creatures
  An ooze (D:2)
  An orc (D:5)
  A bat skeleton (D:5)
  A giant cockroach (D:2)
  3 goblins (D:2)
  4 jackals (D:2)
  2 quokkas
  A ball python (D:4)
  2 bats (D:2)
  A giant gecko (D:4)
  A giant newt (D:4)
  2 kobolds (D:2)
  3 rats
23 creatures vanquished.

Notes
Turn   | Place    | Note
--------------------------------------------------------------
     0 | D:1      | 4tharraofdagon, the Felid Transmuter, began the quest for the Orb.
     0 | D:1      | Reached XP level 1. HP: 9/9 MP: 4/4
   138 | D:2      | Reached XP level 2. HP: 1/12 MP: 1/5
   446 | D:4      | Noticed Sigmund
   475 | D:4      | Noticed Mygna's ghost (average DrTm)
   551 | D:4      | Found a burning altar of Makhleb.
   551 | D:4      | Noticed a balrug
   616 | D:5      | Entered Level 5 of the Dungeon
   683 | D:5      | Noticed a phantom
   710 | D:6      | Noticed a scorpion
   764 | D:7      | Slain by a hound

Action                   || total
-------------------------++-------
Melee: Unarmed           ||    75
 Cast: Beastly Appendage ||     7
 Abil: Jump Attack       ||     1
  Use: Potion            ||     2
 Stab: Sleeping          ||     2

Vault maps used:
D:1:      eino_arrival_cavern_a, minmay_stone_trees_small
D:2:      cheibriados_altar_wand_db, minmay_misc_feat_nine_boxes
D:3:      minmay_tree_intersection
D:4:      makhleb_altar_promises_db, first_bread, abandoned_shop, uniq_sigmund
D:5:      lemuel_ice_spiral_2, kennysheep_little_box, gup_sewer_entry_spiral
D:6:      lemuel_blue_sif_altar, minmay_temple_entry_hall
